TOP OF THE 1ST |
Wake Forest Demon Deacons batting - Pitching for Clemson Tigers : RHP Gonzalo López
|
Pitching: RHP Gonzalo López
|
|
Batting: RHB Tyler Robinson
|
0-0: Called Strike 0-1: Ball 1-1: Ball 2-1: Foul Ball, location: 2F 2-2: Ball 3-2: Strikes out swinging
|
Batting: RHB Jack Hogan
|
0-0: Ball 1-0: Ball 2-0: Called Strike 2-1: Foul Ball, location: 2F 2-2: Foul Ball, location: 2F 2-2: Foul Ball, location: 2F 2-2: Foul Ball, location: 2F 2-2: Foul Ball, location: 2F 2-2: Fly out, F8 (Flyball, 8LD)
|
Batting: LHB Don Harris
|
0-0: Ball 1-0: Fly out, F7 (Flyball, 7S)
|
Top of the 1st over - 0 runs, 0 hits, 0 errors, 0 left on base; Wake Forest 0 - Clemson 0 |
BOTTOM OF THE 1ST |
Clemson Tigers batting - Pitching for Wake Forest Demon Deacons : RHP Wade Sweeny
|
Pitching: RHP Wade Sweeny
|
|
Batting: LHB Dan Dukes
|
0-0: Called Strike 0-1: Ball 1-1: Foul Ball, location: 2F 1-2: SINGLE (Line Drive, 56D)
|
Batting: RHB Blair Charnock
|
0-0: SINGLE (Line Drive, 8LS) Dan Dukes to second
|
Batting: SHB Ken Hall
|
0-0: SINGLE (Line Drive, 89S) Dan Dukes to third Blair Charnock to second
|
Batting: RHB Garth O'Flahavan
|
0-0: Grounds into fielders choice 1-2 (Groundball, 13S) Blair Charnock to third Ken Hall to second
|
Batting: SHB Michael Jones
|
0-0: Called Strike 0-1: Ball 1-1: Swinging Strike 1-2: Ball 2-2: Ball 3-2: Base on Balls Blair Charnock scores Ken Hall to third Garth O'Flahavan to second
|
Batting: RHB António Delgado
|
0-0: Ball 1-0: Foul Ball, location: 2F 1-1: Called Strike 1-2: Ball 2-2: Ball 3-2: SINGLE (Flyball, 5D) Ken Hall scores Garth O'Flahavan to third Michael Jones to second
|
Batting: LHB Jack Heinsohn
|
0-0: Foul Ball, location: 2F 0-1: Ball 1-1: Foul Ball, location: 2F 1-2: GRAND SLAM HOME RUN (Flyball, 7LD), Distance : 332 ft
|
Batting: RHB Ricardo Medellín
|
0-0: Ball 1-0: Swinging Strike 1-1: Foul Ball, location: 2F 1-2: Ball 2-2: SOLO HOME RUN (Flyball, 7D), Distance : 371 ft
|
Batting: RHB Zach O'Kelly
|
0-0: SINGLE (Groundball, 56D)
|
Batting: LHB Dan Dukes
|
0-0: Ball 1-0: Called Strike 1-1: Ball 2-1: Fly out, F7 (Flyball, 7D)
|
Batting: RHB Blair Charnock
|
0-0: Called Strike Zach O'Kelly steals 2nd base 0-1: SINGLE (Line Drive, 9S) Zach O'Kelly to third
|
Batting: SHB Ken Hall
|
0-0: Ball 1-0: Foul Ball, location: 2F 1-1: SINGLE (Flyball, 78S) Zach O'Kelly scores Blair Charnock to second
|
Batting: RHB Garth O'Flahavan
|
0-0: Foul Ball, location: 2F 0-1: Ball 1-1: Ball 2-1: Foul Ball, location: 2F 2-2: Foul Ball, location: 2F 2-2: Ball 3-2: Foul Ball, location: 2F 3-2: Base on Balls Blair Charnock to third Ken Hall to second
|
Batting: SHB Michael Jones
|
0-0: Foul Ball, location: 2F 0-1: SINGLE (Line Drive, 6M) Blair Charnock scores Ken Hall to third Garth O'Flahavan to second Runner from 3rd tries for Home, SAFE, no throw
|
Batting: RHB António Delgado
|
0-0: Ball 1-0: Called Strike 1-1: Fielders Choice at 2nd, 5-4 (Groundball, 56)
|
Bottom of the 1st over - 10 runs, 10 hits, 0 errors, 2 left on base; Wake Forest 0 - Clemson 10 |
TOP OF THE 2ND |
Wake Forest Demon Deacons batting - Pitching for Clemson Tigers : RHP Gonzalo López
|
Batting: RHB Mike Pope
|
0-0: Ball 1-0: Called Strike 1-1: Called Strike 1-2: Ball 2-2: Ball 3-2: Foul Ball, location: 2F 3-2: Fly out, F7 (Flyball, 7)
|
Batting: RHB Rob Miller
|
0-0: Called Strike 0-1: Foul Ball, location: 2F 0-2: SINGLE (Groundball, 6MD)
|
Batting: RHB Tim Workman
|
0-0: Hit by Pitch Rob Miller to second
|
Batting: RHB Doug Dunlap
|
0-0: Ball 1-0: Ball 2-0: Grounds into double play, 6-4-3 (Groundball, 6)
|
Top of the 2nd over - 0 runs, 1 hit, 0 errors, 1 left on base; Wake Forest 0 - Clemson 10 |
BOTTOM OF THE 2ND |
Clemson Tigers batting - Pitching for Wake Forest Demon Deacons : RHP Wade Sweeny
|
Batting: LHB Jack Heinsohn
|
0-0: Called Strike 0-1: Called Strike 0-2: Ball 1-2: Strikes out looking
|
Batting: RHB Ricardo Medellín
|
0-0: Ball 1-0: Ball 2-0: Swinging Strike 2-1: Foul Ball, location: 2F 2-2: Ball 3-2: SINGLE (Line Drive, 89M)
|
Batting: RHB Zach O'Kelly
|
0-0: Called Strike 0-1: Ball 1-1: Ball Wild Pitch! Ricardo Medellín to second 2-1: Ball 3-1: Foul Ball, location: 2F 3-2: Foul Ball, location: 2F 3-2: Base on Balls
|
Batting: LHB Dan Dukes
|
0-0: Fly out, F9 (Flyball, 9LSF)
|
Batting: RHB Blair Charnock
|
0-0: Called Strike 0-1: Ball 1-1: Fly out, F8 (Flyball, 8LM)
|
Bottom of the 2nd over - 0 runs, 1 hit, 0 errors, 2 left on base; Wake Forest 0 - Clemson 10 |
TOP OF THE 3RD |
Wake Forest Demon Deacons batting - Pitching for Clemson Tigers : RHP Gonzalo López
|
Batting: LHB Nick Smith
|
0-0: Called Strike 0-1: Foul Ball, location: 2F 0-2: Ball 1-2: Fly out, F4 (Line Drive, 4)
|
Batting: RHB William Hudson
|
0-0: Called Strike 0-1: Ground out 4-3 (Groundball, 4)
|
Batting: RHB Tyler Robinson
|
0-0: Ball 1-0: Called Strike 1-1: Ball 2-1: Ball 3-1: Foul Ball, location: 2F 3-2: Base on Balls
|
Batting: RHB Jack Hogan
|
0-0: Swinging Strike 0-1: Ball 1-1: Foul Ball, location: 2F 1-2: Strikes out swinging
|
Top of the 3rd over - 0 runs, 0 hits, 0 errors, 1 left on base; Wake Forest 0 - Clemson 10 |
BOTTOM OF THE 3RD |
Clemson Tigers batting - Pitching for Wake Forest Demon Deacons : RHP Wade Sweeny
|
Batting: SHB Ken Hall
|
0-0: Ball 1-0: Ground out 4-3 (Groundball, 4)
|
Batting: RHB Garth O'Flahavan
|
0-0: Foul Ball, location: 2F 0-1: Ball 1-1: Called Strike 1-2: Strikes out swinging
|
Batting: SHB Michael Jones
|
0-0: SINGLE (Groundball, 56D)
|
Batting: RHB António Delgado
|
0-0: Foul Ball, location: 2F 0-1: SINGLE (Groundball, 6MD) Michael Jones to second Runner from 2nd tries for 3rd, SAFE, throw made to third
|
Pitching: RHP Ralph Benson
|
|
Batting: LHB Jack Heinsohn
|
0-0: SINGLE (Groundball, 34D) Michael Jones scores António Delgado to second Runner from 2nd tries for 3rd, SAFE, no throw
|
Batting: RHB Ricardo Medellín
|
0-0: Ball 1-0: Ball 2-0: Ball 3-0: Called Strike 3-1: Base on Balls Jack Heinsohn to second
|
Batting: RHB Zach O'Kelly
|
0-0: Fly out, F8 (Flyball, 8RM)
|
Bottom of the 3rd over - 1 run, 3 hits, 0 errors, 3 left on base; Wake Forest 0 - Clemson 11 |
TOP OF THE 4TH |
Wake Forest Demon Deacons batting - Pitching for Clemson Tigers : RHP Gonzalo López
|
Batting: LHB Don Harris
|
0-0: Called Strike 0-1: Foul Ball, location: 2F 0-2: Ball 1-2: Strikes out swinging
|
Batting: RHB Mike Pope
|
0-0: Ball 1-0: Foul Ball, location: 2F 1-1: Swinging Strike 1-2: Ball 2-2: Fly out, F7 (Flyball, 78M)
|
Batting: RHB Rob Miller
|
0-0: Called Strike 0-1: Ball 1-1: Foul Ball, location: 2F 1-2: Fly out, F8 (Flyball, 8RD)
|
Top of the 4th over - 0 runs, 0 hits, 0 errors, 0 left on base; Wake Forest 0 - Clemson 11 |
BOTTOM OF THE 4TH |
Clemson Tigers batting - Pitching for Wake Forest Demon Deacons : RHP Ralph Benson
|
Batting: LHB Dan Dukes
|
0-0: DOUBLE (Line Drive, 78D)
|
Batting: RHB Blair Charnock
|
0-0: Foul Ball, location: 2F 0-1: Ground out U3 (Groundball, 2R) Dan Dukes to third
|
Batting: SHB Ken Hall
|
0-0: Ball 1-0: Ball 2-0: Ball 3-0: Called Strike 3-1: Foul Ball, location: 2F 3-2: Foul Ball, location: 2F 3-2: Strikes out looking
|
Batting: RHB Garth O'Flahavan
|
0-0: Fly out, F5 (Line Drive, 5)
|
Bottom of the 4th over - 0 runs, 1 hit, 0 errors, 1 left on base; Wake Forest 0 - Clemson 11 |
TOP OF THE 5TH |
Wake Forest Demon Deacons batting - Pitching for Clemson Tigers : RHP Gonzalo López
|
Batting: RHB Tim Workman
|
0-0: Called Strike 0-1: Foul Ball, location: 2F 0-2: Foul Ball, location: 2F 0-2: Ball 1-2: Ball 2-2: Strikes out swinging
|
Batting: RHB Doug Dunlap
|
0-0: Called Strike 0-1: Foul Ball, location: 2F 0-2: Foul Ball, location: 2F 0-2: Strikes out swinging
|
Batting: LHB Nick Smith
|
0-0: Ball 1-0: SINGLE (Groundball, 6MD)
|
Batting: RHB William Hudson
|
0-0: Ball 1-0: Ball 2-0: Called Strike 2-1: Foul Ball, location: 2F 2-2: Foul Ball, location: 2F 2-2: Ball 3-2: Fly out, F7 (Flyball, 7S)
|
Top of the 5th over - 0 runs, 1 hit, 0 errors, 1 left on base; Wake Forest 0 - Clemson 11 |
BOTTOM OF THE 5TH |
Clemson Tigers batting - Pitching for Wake Forest Demon Deacons : RHP Ralph Benson
|
Batting: SHB Michael Jones
|
0-0: Foul Ball, location: 2F 0-1: Called Strike 0-2: Strikes out swinging
|
Batting: RHB António Delgado
|
0-0: Ball 1-0: Foul Ball, location: 2F 1-1: Ball 2-1: Ball 3-1: Called Strike 3-2: Base on Balls
|
Batting: LHB Jack Heinsohn
|
0-0: Ball 1-0: Ball 2-0: Ball 3-0: Base on Balls António Delgado to second
|
Batting: RHB Ricardo Medellín
|
0-0: Ball 1-0: Called Strike 1-1: Ball 2-1: Swinging Strike 2-2: Ball 3-2: Base on Balls António Delgado to third Jack Heinsohn to second
|
Batting: RHB Zach O'Kelly
|
0-0: Foul Ball, location: 2F 0-1: Ball 1-1: Foul Ball, location: 2F 1-2: Ball 2-2: Foul Ball, location: 2F 2-2: Fly out, F8 (Flyball, 8LD) Runner from 3rd tags up, SCORES, throw made
|
Batting: LHB Dan Dukes
|
0-0: Ball 1-0: Foul Ball, location: 2F 1-1: Fielders Choice at 2nd, 5-4 (Groundball, 5)
|
Bottom of the 5th over - 1 run, 0 hits, 0 errors, 2 left on base; Wake Forest 0 - Clemson 12 |
TOP OF THE 6TH |
Wake Forest Demon Deacons batting - Pitching for Clemson Tigers : RHP Gonzalo López
|
Batting: RHB Tyler Robinson
|
0-0: Called Strike 0-1: Ball 1-1: Ball 2-1: Foul Ball, location: 2F 2-2: Ground out 6-3 (Groundball, 6)
|
Pitching: LHP Alfonso Cortés
|
|
Batting: RHB Jack Hogan
|
0-0: Called Strike 0-1: Ball 1-1: Ball 2-1: SINGLE (Groundball, 56D)
|
Batting: LHB Don Harris
|
0-0: Ball 1-0: Ball 2-0: Swinging Strike 2-1: Ball 3-1: Base on Balls Jack Hogan to second
|
Batting: RHB Mike Pope
|
0-0: Called Strike 0-1: Called Strike 0-2: Strikes out swinging
|
Batting: RHB Rob Miller
|
0-0: Ball 1-0: Ball 2-0: Ball 3-0: Base on Balls Jack Hogan to third Don Harris to second
|
Batting: RHB Tim Workman
|
0-0: Ball 1-0: Ball 2-0: Foul Ball, location: 2F 2-1: Ball 3-1: Fly out, F4 (Line Drive, 4M)
|
Top of the 6th over - 0 runs, 1 hit, 0 errors, 3 left on base; Wake Forest 0 - Clemson 12 |
BOTTOM OF THE 6TH |
Clemson Tigers batting - Pitching for Wake Forest Demon Deacons : RHP Ralph Benson
|
Batting: RHB Blair Charnock
|
0-0: Ball 1-0: DOUBLE (Line Drive, 7LM)
|
Batting: SHB Ken Hall
|
0-0: Called Strike 0-1: Called Strike 0-2: SINGLE (Flyball, 9S) Blair Charnock to third
|
Batting: RHB Garth O'Flahavan
|
|
Pinch Hitting: SHB Brent Boswell
|
0-0: Ball 1-0: 3-RUN HOME RUN (Flyball, 9D), Distance : 349 ft
|
Batting: SHB Michael Jones
|
0-0: Swinging Strike 0-1: Ball 1-1: Ball 2-1: Called Strike 2-2: Foul Ball, location: 2F 2-2: SINGLE (Groundball, 34) (infield hit)
|
Pitching: RHP José Villanueva
|
|
Batting: RHB António Delgado
|
0-0: Ball 1-0: Ball 2-0: Foul Ball, location: 2F 2-1: Foul Ball, location: 2F 2-2: Fly out, F7 (Flyball, 7LD)
|
Batting: LHB Jack Heinsohn
|
0-0: Ball 1-0: Swinging Strike 1-1: Swinging Strike 1-2: Strikes out looking
|
Batting: RHB Ricardo Medellín
|
0-0: Ball 1-0: Called Strike 1-1: Foul Ball, location: 2F 1-2: Ball 2-2: Ball 3-2: Base on Balls Michael Jones to second
|
Batting: RHB Zach O'Kelly
|
0-0: Called Strike 0-1: Called Strike 0-2: Fly out, F5 (Popup, 5D)
|
Bottom of the 6th over - 3 runs, 4 hits, 0 errors, 2 left on base; Wake Forest 0 - Clemson 15 |
TOP OF THE 7TH |
Wake Forest Demon Deacons batting - Pitching for Clemson Tigers : LHP Alfonso Cortés
|
Now in LF: Brian Childers
|
|
Batting: RHB Doug Dunlap
|
0-0: Ball 1-0: Fly out, F8 (Flyball, 8RM)
|
Batting: LHB Nick Smith
|
0-0: Ball 1-0: Foul Ball, location: 2F 1-1: Called Strike 1-2: Foul Ball, location: 2F 1-2: Foul Ball, location: 2F 1-2: Ball 2-2: Ball 3-2: SOLO HOME RUN (Line Drive, 9D), Distance : 364 ft
|
Batting: RHB William Hudson
|
0-0: Ball 1-0: Ball 2-0: Foul Ball, location: 2F 2-1: Foul Ball, location: 2F 2-2: Strikes out looking
|
Batting: RHB Tyler Robinson
|
0-0: Called Strike 0-1: Foul Ball, location: 2F 0-2: Ball 1-2: Foul Ball, location: 2F 1-2: SINGLE (Line Drive, 89M)
|
Batting: RHB Jack Hogan
|
0-0: Ball 1-0: Called Strike 1-1: Foul Ball, location: 2F 1-2: Ball 2-2: Ball 3-2: Ground out 3-1 (Groundball, 34S)
|
Top of the 7th over - 1 run, 2 hits, 0 errors, 1 left on base; Wake Forest 1 - Clemson 15 |
BOTTOM OF THE 7TH |
Clemson Tigers batting - Pitching for Wake Forest Demon Deacons : RHP José Villanueva
|
Batting: LHB Dan Dukes
|
0-0: Ball 1-0: Ball 2-0: Foul Ball, location: 2F 2-1: Ball 3-1: Swinging Strike 3-2: Strikes out swinging
|
Batting: RHB Blair Charnock
|
0-0: Foul Ball, location: 2F 0-1: Ball 1-1: Ball 2-1: Ball 3-1: Base on Balls
|
Batting: SHB Ken Hall
|
0-0: Foul Ball, location: 2F 0-1: Ball 1-1: Ball 2-1: Called Strike 2-2: DOUBLE (Flyball, 78D) Blair Charnock to third
|
Batting: RHB Brian Childers
|
0-0: Fly out, F9 (Flyball, 9D) Runner from 3rd tags up, SCORES, no throw Ken Hall to third
|
Batting: SHB Michael Jones
|
0-0: Called Strike 0-1: Ground out 6-3 (Groundball, 6)
|
Bottom of the 7th over - 1 run, 1 hit, 0 errors, 1 left on base; Wake Forest 1 - Clemson 16 |
TOP OF THE 8TH |
Wake Forest Demon Deacons batting - Pitching for Clemson Tigers : LHP Alfonso Cortés
|
Batting: LHB Don Harris
|
0-0: Foul Ball, location: 2F 0-1: Ball 1-1: Ball 2-1: Ball 3-1: Called Strike 3-2: Base on Balls
|
Batting: RHB Mike Pope
|
0-0: Swinging Strike 0-1: Ball 1-1: Swinging Strike 1-2: Ball 2-2: Strikes out swinging
|
Batting: RHB Rob Miller
|
0-0: Called Strike 0-1: Swinging Strike 0-2: Ball 1-2: Ball 2-2: Ball 3-2: Fly out, F8 (Flyball, 8LD)
|
Batting: RHB Tim Workman
|
0-0: Called Strike 0-1: Called Strike 0-2: Fly out, F6 (Line Drive, 6)
|
Top of the 8th over - 0 runs, 0 hits, 0 errors, 1 left on base; Wake Forest 1 - Clemson 16 |
BOTTOM OF THE 8TH |
Clemson Tigers batting - Pitching for Wake Forest Demon Deacons : RHP José Villanueva
|
Batting: RHB António Delgado
|
0-0: Ball 1-0: Called Strike 1-1: Called Strike 1-2: Ball 2-2: Foul Ball, location: 2F 2-2: Strikes out swinging
|
Batting: LHB Jack Heinsohn
|
0-0: Ball 1-0: Called Strike 1-1: Ball 2-1: Foul Ball, location: 2F 2-2: Foul Ball, location: 2F 2-2: Fly out, F7 (Flyball, 7S)
|
Batting: RHB Ricardo Medellín
|
0-0: Foul Ball, location: 2F 0-1: Ball 1-1: Foul Ball, location: 2F 1-2: Ball 2-2: Ground out 5-3 (Groundball, 5S)
|
Bottom of the 8th over - 0 runs, 0 hits, 0 errors, 0 left on base; Wake Forest 1 - Clemson 16 |
TOP OF THE 9TH |
Wake Forest Demon Deacons batting - Pitching for Clemson Tigers : LHP Alfonso Cortés
|
Batting: RHB Doug Dunlap
|
0-0: SINGLE (Flyball, 7LS) - OUT at second base trying to stretch hit.
|
Batting: LHB Nick Smith
|
0-0: Swinging Strike 0-1: Called Strike 0-2: Ball 1-2: SINGLE (Groundball, 4MD)
|
Pitching: RHP Nacho Ortíz
|
|
Batting: RHB William Hudson
|
0-0: Ground out 4-3 (Groundball, 4M) Nick Smith to second
|
Batting: RHB Tyler Robinson
|
0-0: Ball 1-0: Called Strike 1-1: Foul Ball, location: 2F 1-2: Foul Ball, location: 2F 1-2: Ball 2-2: Ball 3-2: Ground out 6-3 (Groundball, 6)
|
Top of the 9th over - 0 runs, 2 hits, 0 errors, 1 left on base; Wake Forest 1 - Clemson 16 |
|